cohdb
Replays
Latest Replays
All Replays
Popular Replays
Top Player Replays
Match Explorer
How It Works
Community
CoH3 Stats
Reddit
Sign in to upload your games and track your stats! →
Sign in with Steam
Match 46705797
Unlisted
Match 46705797
Overview
Messages
Build Orders
End
Selects Italian Combined Arms Battlegroup
Selects Bersaglieri Squad
Bersaglieri Squad
Bersaglieri Squad
Bersaglieri Squad
Construct Light Support Kompanie
Selects Bersaglieri Bolster
Bersaglieri Squad
2.5-tonne Medical Truck
Selects Breda Model 30 Light Machine Guns
MG34 Team
Fire Support Elements
Pak 38 Anti-tank Gun Team
Selects Semovente da 75/18 Assault Gun
Selects Strafing Run
Construct Panzerarmee Kommand
Pak 38 Anti-tank Gun Team
Bersaglieri Squad
Selects Artillery Cover
Artillery Cover
2.5-tonne Medical Truck
Artillery Cover
GoLdenCoBRaaa
Niker1
Like a G6
Kray-Tos
0
0
Comments
sign in to comment!
No comments posted yet!